021, lawful female dwarven Valkyrie --------------- ............<.| |.T............ |@.f..........| ----------.---- 021 the Skirmisher Experience level: 5 Strength: 14 Dexterity: 14 Constitution: 20 Intelligence: 8 Wisdom: 9 Charisma: 11 Health: 0(59) Energy: 3(3) Def: 9 Gold: 651 Moves: 1811 Dungeon seed: PjIa5eVl2CIonQXB Game ID: 021_1588098999 Your Inventory: Coins $ - 651 gold pieces Weapons a - a +2 long sword (weapon in hand) b - a +0 dagger i - a +0 crossbow m - 10 +0 ya (in quiver) o - a blessed +1 long sword D - 2 +0 orcish daggers Armor e - an uncursed +3 small shield (being worn) n - an uncursed +0 mummy wrapping r - an uncursed +0 pair of leather gloves (being worn) N - a blessed +1 orcish helm (being worn) Y - an uncursed +0 pair of iron shoes (being worn) Comestibles c - 4 uncursed food rations l - an uncursed fortune cookie x - an uncursed tin of werejackal meat Spellbooks t - an uncursed spellbook of sleep y - an uncursed spellbook of cure sickness Rings w - an uncursed ring of polymorph control Wands k - a wand of secret door detection (0:15) u - a wand of locking (0:8) E - a wand of nothing (0:6) Tools d - an uncursed oil lamp (0:1219) z - an uncursed tin whistle Gems q - an uncursed amber stone Spells and supernatural/magical abilities: Name Level Category Fail Memory W - pray for help -- divine ? -- Your skills at the end: Fighting Skills Weapon Skills dagger [Basic] long sword [Basic] Spellcasting Skills Final Attributes: You were piously aligned. You were cold resistant. You had infravision. You were stealthy. You are dead. Vanquished creatures: a dwarf mummy a lizard a guardian naga hatchling 2 straw golems a floating eye a homunculus 3 hill orcs a giant bat 2 iguanas a coyote 2 giant rats a red mold 3 garter snakes a gecko 5 jackals a goblin 6 grid bugs 2 lichens 2 kobold zombies a newt 38 creatures vanquished. Genocided species: liches demiliches master liches arch-liches 4 species genocided. Voluntary challenges: You were an atheist. You used a wielded weapon 46 times, starting on turn 81. You read items or engraved 7 times, starting on turn 262. You genocided 4 types of monsters, starting on turn 1245. You never polymorphed an object. You never changed form. You used no wishes. You never split a pudding. You never wrote Elbereth's name. You never violated your personal moral code. Dungeon overview: The Dungeons of Doom: levels 1 to 13 Level 1 a fountain a long staircase Level 2 Level 3 Level 4 Level 5 a sink Level 6 Level 7 a fountain, a sink Level 8 many fountains Level 9 Level 10 Level 11 Level 12 Level 13 <- You were here History has recorded: On T:1 you entered the Dungeons of Doom to retrieve the Amulet of Yendor! On T:203 you reached level 2 of The Dungeons of Doom. On T:233 you reached level 3 of The Dungeons of Doom. On T:350 you reached level 4 of The Dungeons of Doom. On T:434 you reached level 5 of The Dungeons of Doom. On T:474 you reached level 6 of The Dungeons of Doom. On T:603 you advanced to experience level 2. On T:632 you reached level 7 of The Dungeons of Doom. On T:769 you advanced to experience level 3. On T:931 you reached level 8 of The Dungeons of Doom. On T:998 you advanced to experience level 4. On T:1203 you reached level 9 of The Dungeons of Doom. On T:1322 you reached level 10 of The Dungeons of Doom. On T:1392 you advanced to experience level 5. On T:1563 you reached level 11 of The Dungeons of Doom. On T:1687 you reached level 12 of The Dungeons of Doom. On T:1787 you reached level 13 of The Dungeons of Doom. Score breakdown: Gold: 651 ( 9573 points) Experience: 5 levels (11141 points) Exploration: 13 levels ( 26.53%) (15000 points) Discoveries: 12 items ( 4.90%) ( 6639 points) Valuables value: (no points given unless you survive) Artifact value: 0 ( 0 points) Variety of kills: 20 monsters ( 5.25%) ( 6873 points) Turncount: 1811 turns ( 0 points) Survival: died (score multiplied by 80%) Total score: 39380 Latest messages: n - a mummy wrapping. You displace your kitten. The door opens. (2x) $ - 103 gold pieces. You hit the queen bee! The queen bee stings! (2x) The queen bee's sting was poisoned! You feel weaker! You hit the warg! The warg bites! You miss the warg. The warg misses. You miss the warg. The warg bites! You hit the warg! The warg bites! You stop. Your kitten is in the way! The rock troll hits! The rock troll just misses! The rock troll bites! You die... Final status: Farvel 021 the Valkyrie, killed by a rock troll... You died in The Dungeons of Doom on dungeon level 13 with 39380 points, and 651 pieces of gold, after 1811 moves. You were level 5 with a maximum of 59 hit points when you died.